 Dungeon Crawl Stone Soup version 0.20-a0-556-g892c87b (webtiles) character file.

952 w00t the Skirmisher (level 8, -2/49 HPs)
             Began as a Gargoyle Berserker on Feb 4, 2017.
             Was a Priest of Trog.
             Slain by an orc warrior
             ... wielding a +0 scimitar
              (8 damage)
             ... on level 7 of the Dungeon.
             The game lasted 00:04:27 (5421 turns).

w00t the Skirmisher (Gargoyle Berserker)            Turns: 5421, Time: 00:04:27

Health: -2/49      AC: 11    Str: 22    XL:     8   Next: 14%
Magic:  17/17      EV: 12    Int:  7    God:    Trog [***...]
Gold:   209        SH:  4    Dex: 11    Spells: 7/7 levels left

rFire    . . .     SeeInvis .   a - +0 hand axe
rCold    . . .     Gourm    .   p - +0 ring mail
rNeg     + . .     Faith    .   I - +0 buckler
rPois    ∞         Spirit   .   (no helmet)
rElec    +         Reflect  .   (no cloak)
rCorr    +         Harm     .   (no gloves)
MR       ++...                  (no boots)
Stlth    +.........             k - amulet of regeneration {+regen, !d}
Regen    1.6/turn               w - ring of magical power {MP+9}
                                s - ring of resist corrosion

@: regenerating
A: negative energy resistance 1, electricity resistance, unbreathing,
petrification resistance, rot immunity, AC +5
a: Berserk, Trog's Hand, Burn Spellbooks, Renounce Religion


You were on level 7 of the Dungeon.
You worshipped Trog.
Trog was most pleased with you.
You were not hungry.

You visited 1 branch of the dungeon, and saw 7 of its levels.

You collected 209 gold pieces.

Inventory:

Hand Weapons
 a - a +0 hand axe (weapon)
 r - a +1 antimagic spear
Missiles
 m - 66 stones (quivered)
 J - 8 tomahawks
Armour
 p - a +0 ring mail (worn)
 I - a +0 buckler (worn)
Jewellery
 f - a cursed amulet of inaccuracy {unknown}
 k - an amulet of regeneration (around neck) {+regen, !d}
 s - a ring of resist corrosion (left hand)
 w - a ring of magical power (right hand) {MP+9}
Wands
 b - a wand of polymorph (6/24)
 t - a wand of flame (19/48)
 H - a wand of random effects (7/48)
Scrolls
 h - 2 scrolls of enchant armour {unknown}
 i - a scroll of magic mapping {unknown}
 j - 2 scrolls of remove curse {unknown}
 n - 4 scrolls of fear {unknown}
 o - 2 scrolls of fog {unknown}
 v - 2 scrolls of amnesia {unknown}
 x - a scroll of blinking {unknown}
 B - 3 scrolls of identify {unknown}
 E - a scroll of holy word {unknown}
 K - a scroll of teleportation {unknown}
Potions
 e - a potion of invisibility {unknown}
 g - a potion of haste {unknown}
 l - 2 potions of curing {unknown}
 q - 2 potions of mutation {unknown}
 u - a potion of lignification {unknown}
 z - a potion of magic {unknown}
 A - a potion of agility {unknown}
 D - a potion of heal wounds {unknown}
 F - a potion of cancellation {unknown}
Books
 y - a book of Misfortune

   Spells                             Type                      Level
   a - Confusing Touch                Hexes                        1
   b - Confuse                        Hexes                        3
   c - Gell's Gravitas                Hexes/Translocation          3
   d - Petrify                        Transmutation/Earth          4
   e - Metabolic Englaciation         Hexes/Ice                    5
   f - Yara's Violent Unravelling     Hexes/Transmutation          5
   Trog disapproves of the use of such an item.
Comestibles
 c - 4 bread rations
 d - 4 meat rations
 C - 4 fruits


   Skills:
 - Level 5.3 Fighting
 - Level 4.8 Axes
 - Level 5.0 Armour
 - Level 3.6 Dodging
 + Level 3.9 Shields


You had 7 spell levels left.
You didn't know any spells.

Dungeon Overview and Level Annotations

Branches:
Dungeon (7/15)             Temple (0/1) D:4

Altars:
Ru


Innate Abilities, Weirdness & Mutations

You are resistant to torment.
Your stone body is resilient. (AC +5)
You are immune to poison.
You resist negative energy. (rN+)
You are resistant to electric shocks. (rElec)
You can survive without breathing.
You are immune to petrification.
You are immune to rotting.


Message History

There is a stone staircase leading up here.
You hit the orc warrior.
The orc warrior is severely wounded.
The orc warrior hits you with a scimitar.
* * * LOW HITPOINT WARNING * * *
You hit the orc warrior.
The orc warrior is almost dead.
The orc warrior hits you with a scimitar.
* * * LOW HITPOINT WARNING * * *
You closely miss the orc warrior.
The orc warrior is almost dead.
The orc warrior hits you with a scimitar!!
* * * LOW HITPOINT WARNING * * *
You hit the orc warrior but do no damage.
The orc warrior is almost dead.
Your skin crawls.
You feel resistant to hostile enchantments.
You feel somewhat more hungry.
The orc warrior hits you with a scimitar!
You die...

############
#..........#
#...........
#.......#
#...@...#
#..o....#
#.......#
####......
########


You could see an orc warrior.

Vanquished Creatures
  Sigmund (D:3)
  A black bear (D:6)
  A gnoll sergeant (D:6)
  A howler monkey (D:6)
  A crimson imp (D:5)
  3 orc priests
  2 hounds
  A bullfrog skeleton (D:3)
  An iguana (D:5)
  Ijyb (D:3)
  An orc wizard (D:5)
  3 worker ants (D:4)
  8 adders
  7 gnolls
  An ooze (D:1)
  A worm (D:2)
  3 dart slugs
  4 leopard geckos
  13 orcs
  A giant cockroach (D:2)
  9 goblins
  9 hobgoblins
  2 jackals
  12 kobolds
  4 quokkas
  6 bats
  6 frilled lizards
  6 rats
109 creatures vanquished.

Notes
Turn   | Place    | Note
-------+----------+-------------------------------------------
     0 | D:1      | w00t the Gargoyle Berserker began the quest for the Orb.
     0 | D:1      | Reached XP level 1. HP: 14/14 MP: 1/1
   184 | D:1      | Reached XP level 2. HP: 16/19 MP: 2/2
   736 | D:1      | Reached XP level 3. HP: 24/24 MP: 3/3
  1383 | D:2      | Reached ** piety under Trog
  1660 | D:2      | Reached XP level 4. HP: 15/29 MP: 4/4
  2327 | D:3      | Noticed Sigmund
  2327 | D:3      | Noticed Ijyb
  2335 | D:3      | Killed Ijyb
  2341 | D:3      | Killed Sigmund
  2341 | D:3      | Reached XP level 5. HP: 34/34 MP: 5/5
  2341 | D:3      | Reached XP level 6. HP: 39/39 MP: 6/6
  3234 | D:4      | Found a staircase to the Ecumenical Temple.
  3410 | D:4      | Reached skill level 5 in Fighting
  3410 | D:4      | Reached XP level 7. HP: 41/44 MP: 7/7
  4110 | D:5      | Entered Level 5 of the Dungeon
  4604 | D:5      | Reached skill level 5 in Armour
  5112 | D:6      | Found a sacrificial altar of Ru.
  5162 | D:6      | Reached *** piety under Trog
  5166 | D:6      | Reached XP level 8. HP: 31/49 MP: 8/8
  5421 | D:7      | Slain by an orc warrior

Vault maps used:
D:1:      doesnt_arrival_eight_statues, kennysheep_another_room
D:2:      first_bread
D:3:      uniq_sigmund, uniq_iyjb
D:4:      corexii_shack_village, minmay_temple_entry_large_hall,
          kennysheep_generic_room_14
D:6:      basic_altar
D:7:      serial_shops, shop, grunt_livestock, uniq_menkaure,
          uniq_prince_ribbit1, uniq_joseph

Skill      XL: |  1  2  3  4  5  6  7  8 |
---------------+-------------------------+-----
Axes           | 3 4 |  4.8
Fighting       | 4 5 |  5.3
Armour         | 3 4 5 |  5.0
Dodging        | 2 3 |  3.6
Shields        | 2 3 |  3.9

Action                   |  1- 3 |  4- 6 |  7- 9 || total
-------------------------+-------+-------+-------++-------
Melee: Hand axe          |   115 |   188 |   179 ||   482
Throw: Stone             |    39 |    59 |    34 ||   132
Invok: Trog's Hand       |       |     2 |     2 ||     4
       Berserk           |       |     2 |     1 ||     3
 Stab: Sleeping          |     2 |       |       ||     2
  Eat: Chunk             |     2 |     9 |     8 ||    19
Armor: Animal skin       |    44 |     6 |       ||    50
       Ring mail         |       |    94 |    85 ||   179
Dodge: Dodged            |    90 |   151 |   106 ||   347
Block: Buckler           |       |       |     9 ||     9
